AoeStats
← Smada0702

Fortress

509466802Analyzed
3v3 RM · 6d ago on Sep 26, 2026· 100m 15s· 6 players
Game mode
Random Map
Map size
Large (8 player)
Population
200
Speed
Normal
Resources
Standard
Victory
Conquest
Starting age
Dark Age
Ending age
Imperial Age
RankedLock teamsTeams togetherTeam positionsShared explorationLock speedFull tech treeHidden civsTurbo modeCheats
Victory
Defeat
🇩🇪 Franks · Germany
593
+16
🇪🇸 Lithuanians · Spain
531
+19
🇫🇷 Bohemians · France
506
+20
🇺🇸 Danes · United States
626
-20
🇺🇸 Vikings · United States
609
-19
🇺🇸 Spanish · United States
549
-16
er_titi92
8:39 Feudal Age
9:25 Double-Bit Axe
10:20 Wheelbarrow
10:46 Horse Collar
18:03 Castle Age
18:02 Gold Mining
18:03 Stone Mining
21:11 Bow Saw
21:08 Heavy Plow
23:22 Hand Cart
30:26 Imperial Age
28:28 Caravan
29:01 Scale Barding Armor
29:14 Masonry
28:45 Treadmill Crane
29:28 Ballistics
31:01 Chain Barding Armor
31:05 Elite Leitis
31:47 Hill Forts
31:48 Elite Skirmisher
32:35 Thumb Ring
33:59 Guilds
37:18 Two-Man Saw
39:15 Tower Shields
39:50 Hoardings
39:38 Conscription
45:50 Herbal Medicine
46:30 Architecture
47:01 Chemistry
51:35 Plate Barding Armor
51:03 Padded Archer Armor
50:53 Fletching
51:05 Scale Mail Armor
51:15 Forging
70:48 Leather Archer Armor
73:18 Crop Rotation
76:18 Bombard Tower
85:55 Ring Archer Armor
85:20 Bodkin Arrow
85:25 Guard Tower
85:30 Murder Holes
85:27 Heated Shot
88:20 Crossbowman
90:34 Fortified Wall
91:01 Keep
90:37 Careening
90:37 Clinker Construction
internet-shop24
7:14 Feudal Age
8:31 Wheelbarrow
10:16 Double-Bit Axe
11:42 Stone Mining
15:48 Castle Age
16:48 Hand Cart
16:22 Town Watch
16:55 Bow Saw
20:04 Caravan
21:24 Loom
28:20 Husbandry
30:11 Gold Mining
33:52 Imperial Age
32:19 Forging
32:10 Scale Mail Armor
32:15 Scale Barding Armor
32:37 Ballistics
32:08 Guard Tower
32:29 Masonry
32:00 Treadmill Crane
33:21 Ordonnance Companies
34:27 Chain Mail Armor
34:48 Iron Casting
34:31 Town Patrol
35:50 Coinage
35:06 Capped Ram
35:08 Onager
36:24 Chain Barding Armor
36:14 Padded Archer Armor
37:25 Hoardings
36:52 Chivalry
37:12 Conscription
36:36 Light Cavalry
38:40 Chemistry
37:26 Arrowslits
38:53 Architecture
38:18 Murder Holes
37:55 Cavalier
38:43 Elite Throwing Axeman
44:04 Paladin
50:44 Fortified Wall
50:45 Clinker Construction
50:41 Siphons
51:17 Plate Barding Armor
51:12 Plate Mail Armor
51:43 Blast Furnace
50:54 Siege Engineers
50:59 Careening
52:29 Leather Archer Armor
56:02 Banking
55:55 Carvel Hull
55:55 Dry Dock
55:33 Fletching
69:59 Gold Shaft Mining
73:32 Heavy Scorpion
75:34 Bodkin Arrow
lucas.corbin.pop
6:16 Feudal Age
12:11 Castle Age
10:15 Horse Collar
13:58 Double-Bit Axe
17:33 Heavy Plow
19:10 Wheelbarrow
21:32 Bow Saw
26:47 Imperial Age
27:09 Chemistry
26:46 Forging
26:36 Scale Mail Armor
26:53 Caravan
29:19 Two-Man Saw
31:46 Hand Cart
30:57 Houfnice
32:17 Iron Casting
31:58 Chain Mail Armor
33:31 Conscription
32:33 Pikeman
33:14 Squires
34:17 Blast Furnace
34:44 Fortified Wall
36:23 Halberdier
37:36 Plate Mail Armor
38:33 Masonry
38:47 Ballistics
40:53 Architecture
Kenshin Brown
8:42 Feudal Age
13:43 Castle Age
14:34 Double-Bit Axe
20:08 Wheelbarrow
24:07 Hand Cart
30:15 Imperial Age
27:35 Hamask
29:53 Caravan
31:22 Thumb Ring
30:38 Cranequins
31:58 Horse Collar
32:28 Elite Jomsviking
33:01 Capped Ram
34:20 Heavy Plow
34:37 Forging
34:28 Scale Mail Armor
34:33 Scale Barding Armor
34:19 Fletching
34:29 Padded Archer Armor
36:36 Iron Casting
36:16 Chain Mail Armor
36:21 Chain Barding Armor
35:57 Bodkin Arrow
36:41 Conscription
37:00 Siege Ram
37:18 Onager
38:32 Siege Engineers
40:13 Siege Onager
42:52 Northmen's Fury
53:51 Bracer
54:52 Blast Furnace
54:22 Plate Mail Armor
54:28 Plate Barding Armor
54:08 Leather Archer Armor
62:47 Heavy Mounted Crossbowman
71:47 Chemistry
71:08 Ballistics
82:28 Husbandry
82:39 Bloodlines
Smada0702
7:08 Loom
8:54 Feudal Age
10:51 Double-Bit Axe
10:58 Horse Collar
13:08 Padded Archer Armor
12:59 Fletching
13:15 Scale Barding Armor
13:22 Forging
13:13 Scale Mail Armor
13:54 Gold Mining
16:24 Castle Age
16:38 Wheelbarrow
16:19 Arson
18:55 Forging
18:45 Scale Mail Armor
18:50 Scale Barding Armor
18:36 Fletching
19:37 Inquisition
24:01 Bow Saw
28:32 Ballistics
28:25 Squires
32:25 Husbandry
32:36 Bloodlines
34:59 Masonry
34:42 Guard Tower
35:03 Fortified Wall
34:49 Murder Holes
35:11 Light Cavalry
36:21 Chain Barding Armor
36:01 Padded Archer Armor
35:57 Bodkin Arrow
39:45 Hand Cart
42:34 Imperial Age
42:40 Imperial Age
41:14 Iron Casting
40:55 Leather Archer Armor
44:39 Chemistry
44:16 Keep
44:15 Architecture
45:46 Elite Conquistador
48:41 Onager
49:39 Cavalier
55:23 Supremacy
57:39 Two-Man Saw
57:32 Fervor
57:44 Sanctity
57:28 Atonement
58:41 Thumb Ring
60:12 Heavy Plow
63:08 Bombard Tower
62:49 Capped Ram
66:36 Blast Furnace
66:13 Plate Barding Armor
66:10 Ring Archer Armor
65:41 Bracer
65:57 Chain Mail Armor
78:33 Hoardings
90:42 Plate Mail Armor
90:07 Gambesons
89:45 Pikeman
95:02 Halberdier
EL Loodo
10:05 Feudal Age
12:23 Man-at-Arms
16:19 Castle Age
14:28 Gold Mining
14:29 Stone Mining
15:19 Double-Bit Axe
16:51 Scale Mail Armor
17:03 Forging
20:25 Bow Saw
23:30 Gold Shaft Mining
25:50 Imperial Age
25:52 Caravan
26:43 Chain Mail Armor
27:04 Iron Casting
29:39 Elite Berserk
33:55 Crossbowman
35:06 Chieftains
37:09 Arbalester
39:39 Elite Varangian Guard
40:59 Bogsveigar
65:41 Arson
65:57 Squires
67:05 Two-Man Saw
65:56 Horse Collar
69:11 Hoardings
83:04 Plate Mail Armor
83:34 Blast Furnace
Connection lost

Rejoining the realm…

Still unreachable

The connection could not be restored.

Session expired

The server has moved on; the page needs a fresh start.